[ AOE2 MATCH · #506924730 ]
UnrankedMongols vs Bengalis
Player's team · WIN
Rival team · LOSS
[ REPLAY ANALYSIS · EXTRACTED FROM THE RECORDED GAME ]
Feudal
8:32
Castle
20:34
Imperial
—
| APM avg | 56.2 |
| APM peak | 88 |
| eAPM avg | 25.2 |
| Villagers / military | 90 / 50 |
Focus
⚔️ 41.8% · 🌾 58.2%
Scout Cavalry ×28 · Archer ×12 · Militia ×4 · Camel Scout ×2 · Cavalry Archer ×2 · Monk ×1
Feudal
10:12
Castle
15:18
Imperial
—
| APM avg | 43.8 |
| APM peak | 88 |
| eAPM avg | 22.0 |
| Villagers / military | 50 / 29 |
Focus
⚔️ 41.7% · 🌾 58.3%
Monk ×16 · Scorpion ×7 · Mangonel ×3 · Armored Elephant ×3
Match map
Initial resources + every placement click. Lines = walls · curves = elevation contours. ◆ gold · ⬟ stone · ● berries · ✦ relic · ◌ wall gap
Your base· Open — unwalled flank
Shoskid's base· Open — 5t gap
Smoothed initial terrain · ◌ = detected wall gap · hover for details
Inputs per minute
— Escalus - - Shoskid
Build order — Escalus
First 150 of 243 actions detected
| 0:00 | Queue | Villager (Male) |
| 0:01 | Queue | Villager (Male) |
| 0:02 | Build | House |
| 0:02 | Build | House |
| 0:05 | Queue | Villager (Male) |
| 0:13 | Queue | Villager (Male) |
| 1:24 | Queue | Villager (Male) |
| 1:57 | Build | Lumber Camp |
| 1:58 | Queue | Villager (Male) |
| 2:20 | Queue | Villager (Male) |
| 2:42 | Queue | Villager (Male) |
| 2:46 | Queue | Villager (Male) |
| 2:51 | Queue | Villager (Male) |
| 3:27 | Build | House |
| 3:50 | Build | House |
| 4:11 | Queue | Villager (Male) |
| 4:11 | Queue | Villager (Male) |
| 4:21 | Queue | Villager (Male) |
| 4:25 | Build | Palisade Wall |
| 4:25 | Build | Palisade Wall |
| 4:25 | Build | Palisade Wall |
| 4:40 | Queue | Villager (Male) |
| 5:31 | Build | Barracks |
| 5:33 | Research | Loom |
| 6:22 | Research | Feudal Age |
| 6:30 | Build | Mining Camp |
| 6:38 | Queue | Militia |
| 6:38 | Queue | Militia |
| 6:55 | Queue | Militia |
| 7:13 | Queue | Militia |
| 7:23 | Queue | Villager (Male) |
| 8:18 | Queue | Villager (Male) |
| 8:32 | Age | Feudal Age |
| 8:38 | Research | Man-at-Arms (upgrade) |
| 8:50 | Build | Archery Range |
| 9:01 | Build | House |
| 9:22 | Queue | Villager (Male) |
| 9:26 | Build | Mill |
| 9:38 | Queue | Villager (Male) |
| 9:50 | Queue | Archer |
| 10:01 | Queue | Archer |
| 10:19 | Queue | Archer |
| 10:30 | Build | Watch Tower |
| 10:32 | Queue | Archer |
| 10:33 | Queue | Villager (Male) |
| 10:39 | Build | House |
| 10:54 | Build | Palisade Wall |
| 10:54 | Build | Palisade Wall |
| 10:55 | Build | Palisade Wall |
| 10:55 | Build | Palisade Wall |
| 10:56 | Build | Palisade Wall |
| 10:56 | Build | Palisade Wall |
| 10:57 | Build | Palisade Wall |
| 10:57 | Build | Palisade Wall |
| 10:59 | Queue | Villager (Male) |
| 11:11 | Build | House |
| 11:20 | Queue | Archer |
| 11:30 | Queue | Villager (Male) |
| 11:34 | Build | Blacksmith |
| 11:37 | Build | Farm |
| 11:53 | Queue | Villager (Male) |
| 11:55 | Build | Farm |
| 12:11 | Queue | Archer |
| 12:16 | Build | Farm |
| 12:20 | Queue | Villager (Male) |
| 12:27 | Queue | Archer |
| 12:47 | Queue | Villager (Male) |
| 13:12 | Queue | Archer |
| 13:15 | Queue | Villager (Male) |
| 13:15 | Queue | Villager (Male) |
| 13:18 | Build | Farm |
| 13:18 | Build | Farm |
| 13:22 | Build | Farm |
| 13:25 | Build | House |
| 13:32 | Build | House |
| 13:32 | Queue | Villager (Male) |
| 13:41 | Queue | Villager (Male) |
| 13:55 | Queue | Archer |
| 13:56 | Queue | Villager (Male) |
| 14:04 | Build | Farm |
| 14:15 | Queue | Villager (Male) |
| 14:23 | Queue | Archer |
| 14:25 | Queue | Villager (Male) |
| 14:35 | Build | Palisade Wall |
| 14:36 | Build | Palisade Wall |
| 14:36 | Build | Palisade Wall |
| 14:40 | Queue | Archer |
| 14:42 | Queue | Villager (Male) |
| 14:44 | Build | Farm |
| 15:04 | Build | Farm |
| 15:06 | Build | Farm |
| 15:07 | Queue | Villager (Male) |
| 15:30 | Queue | Villager (Male) |
| 15:34 | Build | Palisade Wall |
| 15:34 | Build | Palisade Wall |
| 15:34 | Build | Palisade Wall |
| 15:34 | Build | Palisade Wall |
| 15:53 | Queue | Villager (Male) |
| 15:56 | Build | Market |
| 16:45 | Queue | Villager (Male) |
| 16:50 | Build | House |
| 17:11 | Build | House |
| 17:29 | Build | Outpost |
| 17:51 | Build | House |
| 17:54 | Research | Castle Age |
| 18:26 | Build | Stable |
| 18:58 | Build | House |
| 19:00 | Research | Double-Bit Axe |
| 19:01 | Research | Horse Collar |
| 19:21 | Queue | Scout Cavalry |
| 19:21 | Queue | Scout Cavalry |
| 19:26 | Build | Palisade Wall |
| 19:37 | Queue | Scout Cavalry |
| 19:51 | Queue | Archer |
| 20:30 | Research | Forging |
| 20:34 | Age | Castle Age |
| 20:35 | Build | Farm |
| 20:36 | Research | Light Cavalry (upgrade) |
| 20:44 | Queue | Villager (Male) |
| 20:44 | Queue | Villager (Male) |
| 20:53 | Build | Lumber Camp |
| 21:01 | Queue | Villager (Male) |
| 21:03 | Build | Stable |
| 21:09 | Build | House |
| 21:17 | Queue | Villager (Male) |
| 21:25 | Queue | Scout Cavalry |
| 21:25 | Queue | Scout Cavalry |
| 21:26 | Build | Farm |
| 21:27 | Queue | Villager (Male) |
| 21:37 | Queue | Villager (Male) |
| 22:03 | Queue | Scout Cavalry |
| 22:03 | Queue | Scout Cavalry |
| 22:19 | Queue | Scout Cavalry |
| 22:22 | Queue | Scout Cavalry |
| 22:27 | Queue | Scout Cavalry |
| 22:33 | Build | Farm |
| 22:35 | Build | Farm |
| 22:37 | Build | Farm |
| 22:37 | Queue | Villager (Male) |
| 22:46 | Queue | Scout Cavalry |
| 22:47 | Queue | Scout Cavalry |
| 22:58 | Build | Farm |
| 22:59 | Build | Farm |
| 22:59 | Build | Farm |
| 23:18 | Queue | Villager (Male) |
| 23:36 | Build | Mining Camp |
| 23:38 | Queue | Villager (Male) |
| 23:46 | Queue | Villager (Male) |
| 24:10 | Build | Farm |
| 24:10 | Build | Farm |
Build order — Shoskid
First 150 of 168 actions detected
| 0:00 | Queue | Villager (Male) |
| 0:00 | Queue | Villager (Male) |
| 0:00 | Queue | Villager (Male) |
| 0:01 | Queue | Villager (Male) |
| 0:02 | Build | House |
| 0:03 | Build | House |
| 1:11 | Queue | Villager (Male) |
| 1:12 | Queue | Villager (Male) |
| 2:03 | Queue | Villager (Male) |
| 2:03 | Queue | Villager (Male) |
| 2:20 | Build | Lumber Camp |
| 2:23 | Queue | Villager (Male) |
| 2:40 | Queue | Villager (Male) |
| 2:40 | Queue | Villager (Male) |
| 2:50 | Queue | Villager (Male) |
| 3:22 | Queue | Villager (Male) |
| 3:22 | Queue | Villager (Male) |
| 3:30 | Build | House |
| 3:49 | Build | House |
| 3:53 | Queue | Villager (Male) |
| 4:07 | Build | Palisade Wall |
| 4:12 | Queue | Villager (Male) |
| 4:12 | Queue | Villager (Male) |
| 4:20 | Build | Mill |
| 4:24 | Build | Palisade Wall |
| 4:29 | Queue | Villager (Male) |
| 5:06 | Queue | Villager (Male) |
| 5:06 | Queue | Villager (Male) |
| 5:18 | Build | Palisade Wall |
| 5:20 | Build | Palisade Wall |
| 5:21 | Build | Palisade Wall |
| 5:38 | Queue | Villager (Male) |
| 5:40 | Queue | Villager (Male) |
| 5:40 | Queue | Villager (Male) |
| 5:57 | Build | Mining Camp |
| 6:25 | Build | Palisade Wall |
| 6:27 | Build | Palisade Wall |
| 6:29 | Build | Palisade Wall |
| 6:41 | Queue | Villager (Male) |
| 6:59 | Build | Palisade Wall |
| 7:07 | Research | Loom |
| 7:46 | Build | Palisade Wall |
| 7:47 | Build | Palisade Wall |
| 7:48 | Build | Palisade Wall |
| 8:02 | Research | Feudal Age |
| 8:16 | Build | Palisade Wall |
| 8:17 | Build | Palisade Wall |
| 8:21 | Build | Palisade Wall |
| 8:22 | Build | Palisade Wall |
| 8:24 | Build | Palisade Wall |
| 8:30 | Build | Palisade Wall |
| 8:33 | Build | Palisade Wall |
| 9:00 | Build | Palisade Wall |
| 9:01 | Build | Palisade Wall |
| 9:02 | Build | Palisade Wall |
| 9:03 | Build | Palisade Wall |
| 9:03 | Build | Palisade Wall |
| 9:21 | Build | Palisade Wall |
| 9:24 | Build | Palisade Wall |
| 9:25 | Build | Palisade Wall |
| 9:25 | Build | Palisade Wall |
| 9:28 | Build | Palisade Wall |
| 9:44 | Build | Palisade Wall |
| 10:12 | Age | Feudal Age |
| 10:25 | Build | Market |
| 11:18 | Queue | Villager (Male) |
| 11:31 | Build | Watch Tower |
| 11:35 | Build | Blacksmith |
| 12:16 | Build | Mining Camp |
| 12:34 | Build | House |
| 12:38 | Research | Castle Age |
| 12:56 | Build | Watch Tower |
| 13:57 | Build | Palisade Wall |
| 15:18 | Age | Castle Age |
| 15:27 | Build | Siege Workshop |
| 16:01 | Queue | Villager (Male) |
| 16:01 | Queue | Villager (Male) |
| 16:11 | Build | House |
| 16:14 | Build | House |
| 16:20 | Queue | Mangonel |
| 16:49 | Queue | Armored Elephant |
| 16:59 | Queue | Villager (Male) |
| 16:59 | Queue | Villager (Male) |
| 16:59 | Queue | Villager (Male) |
| 17:29 | Queue | Mangonel |
| 17:34 | Build | Monastery |
| 18:20 | Queue | Monk |
| 18:46 | Queue | Monk |
| 19:04 | Queue | Scorpion |
| 19:16 | Research | Sanctity |
| 19:31 | Build | Monastery |
| 19:38 | Queue | Monk |
| 19:48 | Queue | Villager (Male) |
| 19:53 | Build | Farm |
| 19:53 | Build | Farm |
| 19:54 | Build | Farm |
| 19:57 | Build | Farm |
| 20:03 | Build | Farm |
| 20:03 | Queue | Villager (Male) |
| 20:42 | Queue | Monk |
| 21:15 | Queue | Scorpion |
| 21:37 | Queue | Villager (Male) |
| 21:37 | Queue | Villager (Male) |
| 21:37 | Queue | Villager (Male) |
| 22:17 | Queue | Monk |
| 22:17 | Queue | Monk |
| 22:49 | Queue | Monk |
| 23:29 | Queue | Monk |
| 23:33 | Queue | Monk |
| 23:33 | Queue | Monk |
| 23:35 | Queue | Mangonel |
| 23:55 | Build | Farm |
| 23:57 | Queue | Monk |
| 24:07 | Queue | Villager (Male) |
| 24:07 | Queue | Villager (Male) |
| 24:07 | Queue | Villager (Male) |
| 24:18 | Build | Siege Workshop |
| 24:26 | Research | Fervor |
| 24:33 | Build | House |
| 24:35 | Build | House |
| 24:39 | Build | Farm |
| 24:39 | Queue | Villager (Male) |
| 24:44 | Research | Double-Bit Axe |
| 24:52 | Queue | Scorpion |
| 24:52 | Queue | Scorpion |
| 25:14 | Build | Monastery |
| 25:18 | Queue | Scorpion |
| 25:28 | Build | Palisade Wall |
| 25:29 | Build | Palisade Wall |
| 25:30 | Build | Palisade Wall |
| 25:31 | Build | Palisade Wall |
| 25:32 | Build | Palisade Wall |
| 26:00 | Queue | Monk |
| 26:31 | Build | Mill |
| 26:32 | Build | Palisade Wall |
| 26:36 | Queue | Monk |
| 26:39 | Build | Palisade Wall |
| 26:40 | Build | Palisade Wall |
| 26:41 | Build | Palisade Wall |
| 26:41 | Build | Palisade Wall |
| 27:40 | Queue | Monk |
| 27:40 | Queue | Monk |
| 27:44 | Build | Siege Workshop |
| 27:48 | Queue | Villager (Male) |
| 27:48 | Queue | Villager (Male) |
| 27:48 | Queue | Villager (Male) |
| 27:49 | Queue | Villager (Male) |
| 27:49 | Queue | Villager (Male) |
| 27:49 | Queue | Villager (Male) |
| 27:49 | Queue | Villager (Male) |
Match timeline
| 4:07 | Shoskid · wall_segment Palisade Wall x4 |
| 4:24 | Shoskid · wall_segment Palisade Wall x5 |
| 4:25 | Escalus · wall_segment Palisade Wall x1 |
| 4:25 | Escalus · wall_segment Palisade Wall x1 |
| 4:25 | Escalus · wall_segment Palisade Wall x1 |
| 5:18 | Shoskid · wall_segment Palisade Wall x1 |
| 5:20 | Shoskid · wall_segment Palisade Wall x1 |
| 5:21 | Shoskid · wall_segment Palisade Wall x1 |
| 5:31 | Escalus · first_building Barracks |
| 6:25 | Shoskid · wall_segment Palisade Wall x2 |
| 6:27 | Shoskid · wall_segment Palisade Wall x5 |
| 6:29 | Shoskid · wall_segment Palisade Wall x4 |
| 6:59 | Shoskid · wall_segment Palisade Wall x4 |
| 7:46 | Shoskid · wall_segment Palisade Wall x1 |
| 7:47 | Shoskid · wall_segment Palisade Wall x1 |
| 7:48 | Shoskid · wall_segment Palisade Wall x1 |
| 8:16 | Shoskid · wall_segment Palisade Wall x3 |
| 8:17 | Shoskid · wall_segment Palisade Wall x2 |
| 8:21 | Shoskid · wall_segment Palisade Wall x1 |
| 8:22 | Shoskid · wall_segment Palisade Wall x1 |
| 8:24 | Shoskid · wall_segment Palisade Wall x1 |
| 8:30 | Shoskid · wall_segment Palisade Wall x1 |
| 8:32 | Escalus · age_up feudal |
| 8:33 | Shoskid · wall_segment Palisade Wall x1 |
| 8:50 | Escalus · first_building Archery Range |
| 9:00 | Shoskid · wall_segment Palisade Wall x1 |
| 9:01 | Shoskid · wall_segment Palisade Wall x1 |
| 9:02 | Shoskid · wall_segment Palisade Wall x1 |
| 9:03 | Shoskid · wall_segment Palisade Wall x1 |
| 9:03 | Shoskid · wall_segment Palisade Wall x1 |
| 9:21 | Shoskid · wall_segment Palisade Wall x1 |
| 9:24 | Shoskid · wall_segment Palisade Wall x1 |
| 9:25 | Shoskid · wall_segment Palisade Wall x1 |
| 9:25 | Shoskid · wall_segment Palisade Wall x1 |
| 9:28 | Shoskid · wall_segment Palisade Wall x1 |
| 9:44 | Shoskid · wall_segment Palisade Wall x1 |
| 10:12 | Shoskid · age_up feudal |
| 10:54 | Escalus · wall_segment Palisade Wall x1 |
| 10:54 | Escalus · wall_segment Palisade Wall x1 |
| 10:55 | Escalus · wall_segment Palisade Wall x1 |
| 10:55 | Escalus · wall_segment Palisade Wall x1 |
| 10:56 | Escalus · wall_segment Palisade Wall x1 |
| 10:56 | Escalus · wall_segment Palisade Wall x1 |
| 10:57 | Escalus · wall_segment Palisade Wall x1 |
| 10:57 | Escalus · wall_segment Palisade Wall x1 |
| 13:57 | Shoskid · wall_segment Palisade Wall x1 |
| 14:35 | Escalus · wall_segment Palisade Wall x3 |
| 14:36 | Escalus · wall_segment Palisade Wall x3 |
| 14:36 | Escalus · wall_segment Palisade Wall x3 |
| 15:18 | Shoskid · age_up castle |
| 15:27 | Shoskid · first_building Siege Workshop |
| 15:34 | Escalus · wall_segment Palisade Wall x1 |
| 15:34 | Escalus · wall_segment Palisade Wall x1 |
| 15:34 | Escalus · wall_segment Palisade Wall x1 |
| 15:34 | Escalus · wall_segment Palisade Wall x2 |
| 16:18 | Shoskid · first_market_sell 100 stone |
| 17:14 | Escalus · first_market_sell 100 wood |
| 17:31 | Escalus · first_market_buy 100 food |
| 17:34 | Shoskid · first_building Monastery |
| 18:26 | Escalus · first_building Stable |
| 19:26 | Escalus · wall_segment Palisade Wall x12 |
| 20:34 | Escalus · age_up castle |
| 24:25 | Escalus · first_building Monastery |
| 25:12 | Shoskid · first_market_buy 100 wood |
| 25:28 | Shoskid · wall_segment Palisade Wall x1 |
| 25:29 | Shoskid · wall_segment Palisade Wall x1 |
| 25:30 | Shoskid · wall_segment Palisade Wall x1 |
| 25:31 | Shoskid · wall_segment Palisade Wall x1 |
| 25:32 | Shoskid · wall_segment Palisade Wall x1 |
| 26:31 | Escalus · first_building Siege Workshop |
| 26:32 | Shoskid · wall_segment Palisade Wall x1 |
| 26:39 | Shoskid · wall_segment Palisade Wall x1 |
| 26:40 | Shoskid · wall_segment Palisade Wall x1 |
| 26:41 | Shoskid · wall_segment Palisade Wall x1 |
| 26:41 | Shoskid · wall_segment Palisade Wall x1 |
| 28:49 | Shoskid · wall_segment Palisade Wall x1 |
| 28:50 | Shoskid · wall_segment Palisade Wall x1 |
| 28:50 | Shoskid · wall_segment Palisade Wall x1 |
| 28:52 | Shoskid · wall_segment Palisade Wall x1 |
| 28:53 | Shoskid · wall_segment Palisade Wall x1 |
| 28:54 | Shoskid · wall_segment Palisade Wall x1 |
| 28:55 | Shoskid · wall_segment Palisade Wall x1 |
| 30:39 | Shoskid · wall_segment Palisade Wall x1 |
| 32:13 | Shoskid · resign |
[ AI ANALYSIS · 1 CREDIT ]
What really happened in this match?
Wolo.gg analyzes every decision: build order, eco, micro, common mistakes by bracket. Personalized analysis on WhatsApp or Discord in 30 seconds.
Civ guide
Mongols
Perfil
Jugador #757980